Bishop, neutral female human Healer -- ---- ----------.--- ----...- --............| --.......-- |.......<.....-- -------.........-----%..!..........- .................||..........--.-- -#.......a.-.---.......--- -- #.........@....|.......| --.......%..--.---%[..-- --- -........?..|...--...| |.-- -...|.....#---......-- |..| ... ---....| |.......|---.-- -- .....- #-.....--|...| -.--. --....----.--- -- --..--....--|...| --......^----*--- |........-|.%.| --........|.--- |..........| --..---.---- --- --- Bishop the Embalmer Experience level: 8 Strength: 13 Dexterity: 10 Constitution: 16 Intelligence: 8 Wisdom: 17 Charisma: 16 Health: 0(84) Energy: 67(67) Def: 12 Gold: 32 Moves: 12525 Dungeon seed: 9KJNhAIMS8z-nLBr Game ID: Bishop_1557301065 Your Inventory: Coins $ - 32 gold pieces Amulets r - an uncursed amulet of reflection (being worn) Weapons a - a blessed +2 scalpel named Scalpel of Integrity (weapon in hand) f - a blessed +2 crossbow named Monster Slayer Q - 3 uncursed +0 darts Armor e - an uncursed +1 pair of leather gloves (being worn) k - an uncursed +0 studded leather armor (being worn) n - an uncursed +1 pair of iron shoes (being worn) y - a blessed +0 dwarvish iron helm (being worn) N - a blessed +0 dwarvish roundshield (being worn) Y - an uncursed +0 mummy wrapping (being worn) Scrolls W - an uncursed scroll of remove curse Rings E - an uncursed +1 ring of increase accuracy (on right hand) F - an uncursed ring of sustain ability (on left hand) H - an uncursed ring of sustain ability V - an uncursed ring of cold resistance Wands d - an uncursed wand of polymorph (0:5) g - an uncursed wand of sleep (0:0) p - an uncursed wand of light (0:10) B - an uncursed wand of secret door detection (0:9) C - an uncursed wand of digging (0:4) L - an uncursed wand of teleportation (0:0) O - an uncursed wand of make invisible (0:2) S - an uncursed wand of magic missile (0:0) T - an uncursed wand of make invisible (0:6) X - an uncursed wand of magic missile (0:0) Tools b - an uncursed oilskin sack c - an uncursed stethoscope o - an uncursed lock pick R - an uncursed oil lamp (0:0) Contents of the oilskin sack: 1289 gold pieces a [uncursed] +2 knife 2 [uncursed] +0 knives a [uncursed] fortune cookie a cursed scroll [of light] labeled ANDOVA BEGARIN a [uncursed] scroll [of magic mapping] labeled ELBIB YLOH a cursed scroll of enchant weapon 2 [uncursed] scrolls of identify a cursed scroll of teleportation a [uncursed] scroll of teleportation 2 [uncursed] unlabeled scroll [of blank paper]'s a [cursed] unlabeled scroll [of blank paper] a [cursed] [-2] agate ring [of gain strength] a [uncursed] moonstone ring [of polymorph control] a [uncursed] ring of cold resistance a cursed -1 ring of gain constitution a cursed ring of hunger a cursed ring of searching a [uncursed] topaz ring [of protection from shape changers] Spells and supernatural/magical abilities: Name Level Category Fail Memory h - healing 1 healing 96% 38% x - extra healing 3 healing 99% 38% S - stone to flesh 3 healing 100% 38% W - pray for help -- divine ? -- Your skills at the end: Miscellaneous Skills shield [Basic] wands [Basic] stealth [Basic] Weapon Skills knife [Expert] Spellcasting Skills healing spells [Basic] Final Attributes: You were devoutly aligned. You were cold resistant. You were poison resistant. Your writing hand was thoroughly cramped from overuse. You were telepathic. You were visible. You were somewhat stealthy. You had a +1 bonus to hit. You had reflection. You had fixed abilities. Hermes was angry with you. You are dead. Vanquished creatures: 2 giant mimics a water demon a small mimic a dwarf king 2 giant beetles a panther a quivering blob a spotted jelly a giant spider a water nymph 2 ravens 2 gnome mummies a snake 9 soldier ants 3 fire ants a yellow light a baby crocodile 3 wood nymphs 3 Mordor orcs an Uruk-hai 2 rock moles 2 rock piercers a fog cloud 4 shriekers 9 gnome lords 2 gnomish wizards a red naga hatchling a gray ooze 4 elf zombies a straw golem a paper golem 4 floating eyes a kitten 7 dwarves a homunculus a kobold lord a kobold shaman an iguana 4 hill orcs 3 rothes 2 rabid rats a centipede 2 jitterbugs 2 giant bats 4 monkeys 3 orc zombies 4 dwarf zombies 2 wererats a werejackal 11 killer bees 2 coyotes a gas spore 4 hobbits 3 acid blobs 5 geckos a hobgoblin 2 giant rats 2 yellow molds a green mold 3 red molds 29 gnomes 5 garter snakes 9 manes a gnome zombie 16 jackals 4 foxes a kobold 6 newts 7 goblins 6 sewer rats 11 grid bugs 5 lichens 3 kobold zombies 248 creatures vanquished. Voluntary challenges: You did not cause conflict. You were not displaced. You had been an atheist until turn 2183. You used a wielded weapon 646 times, starting on turn 2. You did not apply a unicorn horn. You did not use sinks. You read items or engraved 24 times, starting on turn 905. You never genocided any monsters. You polymorphed 1 item, starting on turn 7196. You never changed form. You cheated 3 times but completed Sokoban on turn 8940. You used no wishes. You never split a pudding. You wrote Elbereth's name 3 times, starting on turn 8010. You never violated your personal moral code. Dungeon overview: The Dungeons of Doom: levels 1 to 7 Level 1 a long staircase Level 2 (T?) a general store, some fountains Level 3 a delicatessen Level 4 a jewelry store stairs to The Gnomish Mines Level 5 Level 6 an altar to Athena, some fountains Level 7 a fountain, a sink stairs to Sokoban The Gnomish Mines: levels 5 to 9 Level 5 stairs to The Dungeons of Doom Level 6 Level 7 some shops, a temple to Athena, a magic chest, some fountains, a sink Level 8 Level 9 <- You were here Sokoban: levels 3 to 6 Level 3 a magic chest Level 4 Level 5 Level 6 a magic chest stairs to The Dungeons of Doom History has recorded: On T:1 you entered the Dungeons of Doom to retrieve the Amulet of Yendor! On T:312 you reached level 2 of The Dungeons of Doom. On T:343 you advanced to experience level 2. On T:630 you reached level 3 of The Dungeons of Doom. On T:760 you advanced to experience level 3. On T:890 you reached level 4 of The Dungeons of Doom. On T:1215 you reached level 1 of The Gnomish Mines. On T:1230 you advanced to experience level 4. On T:1440 you advanced to experience level 5. On T:1685 you reached level 2 of The Gnomish Mines. On T:1951 you advanced to experience level 6. On T:1996 you reached level 3 of The Gnomish Mines. On T:2169 you entered the Minetown temple On T:2395 you reached level 5 of The Dungeons of Doom. On T:2619 you reached level 6 of The Dungeons of Doom. On T:2702 you advanced to experience level 7. On T:2869 you reached level 7 of The Dungeons of Doom. On T:3189 you reached level 4 of Sokoban. On T:4014 you opened a magic chest. On T:5450 you reached level 3 of Sokoban. On T:7134 you reached level 2 of Sokoban. On T:7947 you advanced to experience level 8. On T:7971 you reached level 1 of Sokoban. On T:8940 you entered the Sokoban zoo. On T:10070 you prayed to Hermes. On T:11547 you reached level 4 of The Gnomish Mines. On T:12061 you reached level 5 of The Gnomish Mines. Score breakdown: Gold: 0 ( 0 points) Experience: 8 levels ( 700 points) Exploration: 9 levels ( 240 points) Discoveries: 37 items ( 1850 points) Variety of kills: 73 monsters ( 2000 points) Major goal: finished Sokoban ( 1000 points) Survival: died (score multiplied by 3) Total score: 17370 Latest messages: The giant spider moves its spinnerets around you. The giant spider bites! The giant spider misses. You hack the giant spider! The giant spider is almost dead. The giant spider misses. (2x) You kill the giant spider! You are stuck to the web. You don't have anything to eat. There is nothing here to pick up. You are stuck to the web. You stop running. You are stuck to the web. The soldier ant misses. (3x) The soldier ant stings! You write in the dust with your fingers. Your writing hand is beginning to cramp. The soldier ant just misses! The soldier ant misses. You add to the writing in the dust with your fingers. Your hand is cramping up. The soldier ant bites! The soldier ant stings! The soldier ant bites! The soldier ant stings! You die... Final status: Goodbye Bishop the Healer, killed by a soldier ant... You died in The Gnomish Mines on dungeon level 9 with 16470 points, and 1321 pieces of gold, after 12525 moves. You were level 8 with a maximum of 84 hit points when you died.